| TOP OF THE 1ST |
|
Connecticut Tigers batting - Pitching for Minnesota (NYP) Twins : LHP Sandy Benitez
|
|
Pitching: LHP Sandy Benitez
|
|
|
Batting: RHB Yaremka Rzhevsky
|
0-0: SINGLE (Groundball, 6MD, EV 110.6 MPH)
|
|
Batting: LHB Jon Pedlar
|
0-0: Called Strike 0-1: Ball 1-1: Grounds into double play, 4-6-3 (Groundball, 34, EV 99.4 MPH)
|
|
Batting: RHB Trevor Mock
|
0-0: Called Strike 0-1: Ball 1-1: Ball 2-1: Ground out 6-3 (Groundball, 6S, EV 80.0 MPH)
|
| Top of the 1st over - 0 runs, 1 hit, 0 errors, 0 left on base; Connecticut 0 - Minnesota (NYP) 0 |
| BOTTOM OF THE 1ST |
|
Minnesota (NYP) Twins batting - Pitching for Connecticut Tigers : LHP Jim Belcher
|
|
Pitching: LHP Jim Belcher
|
|
|
Batting: RHB Caleb Bockmann
|
0-0: Called Strike 0-1: Ball 1-1: Ball 2-1: Ball 3-1: Ground out U3 (Groundball, 34S, EV 83.8 MPH)
|
|
Batting: RHB David McClellan
|
0-0: Ball 1-0: Ball 2-0: Called Strike 2-1: Ball 3-1: Foul Ball, location: 2F 3-2: Strikes out swinging, 2-3 out at first.
|
|
Batting: RHB Nate Matson
|
0-0: Ball 1-0: Swinging Strike 1-1: Fly out, F9 (Flyball, 9S, EV 91.2 MPH)
|
| Bottom of the 1st over - 0 runs, 0 hits, 0 errors, 0 left on base; Connecticut 0 - Minnesota (NYP) 0 |
| TOP OF THE 2ND |
|
Connecticut Tigers batting - Pitching for Minnesota (NYP) Twins : LHP Sandy Benitez
|
|
Batting: RHB Tony Nunez
|
0-0: Called Strike 0-1: Ball 1-1: Called Strike 1-2: Ground out 3-1 (Groundball, 34S, EV 85.0 MPH)
|
|
Batting: RHB Willie Ochoa
|
0-0: Ball 1-0: Ground out 6-3 (Groundball, 6, EV 81.2 MPH)
|
|
Batting: LHB Ryan Adams
|
0-0: Foul Ball, location: 2F 0-1: SINGLE (Groundball, 4MD, EV 102.5 MPH)
|
|
Batting: LHB Steve Herrera
|
0-0: Foul Ball, location: 2F 0-1: Foul Ball, location: 2F 0-2: Foul Ball, location: 2F 0-2: Ball 1-2: SINGLE (Groundball, 56, EV 105.0 MPH) Ryan Adams to second
|
|
Batting: LHB Isao Fukui
|
0-0: Ball 1-0: Ground out 6-3 (Groundball, P, EV 82.5 MPH)
|
| Top of the 2nd over - 0 runs, 2 hits, 0 errors, 2 left on base; Connecticut 0 - Minnesota (NYP) 0 |
| BOTTOM OF THE 2ND |
|
Minnesota (NYP) Twins batting - Pitching for Connecticut Tigers : LHP Jim Belcher
|
|
Batting: RHB Alexandre Garcia
|
0-0: Foul Ball, location: 2F 0-1: DOUBLE (Line Drive, 89XD, EV 109.4 MPH)
|
|
Batting: LHB Hector Olvera
|
0-0: Ground out 6-3 (Groundball, 6, EV 78.8 MPH)
|
|
Batting: RHB Chris Bejarano
|
0-0: Ball 1-0: Swinging Strike 1-1: SINGLE (Groundball, 4MD, EV 102.5 MPH) (infield hit) Alexandre Garcia to third
|
|
Batting: LHB Ben Roth
|
0-0: Called Strike 0-1: Foul Ball, location: 2F 0-2: Strikes out looking Chris Bejarano steals 2nd base Batter strikes out.
|
|
Batting: RHB Fernando Bravo
|
0-0: Ball 1-0: Fly out, F6 (Popup, 6MS, EV 70.0 MPH)
|
| Bottom of the 2nd over - 0 runs, 2 hits, 0 errors, 2 left on base; Connecticut 0 - Minnesota (NYP) 0 |
| TOP OF THE 3RD |
|
Connecticut Tigers batting - Pitching for Minnesota (NYP) Twins : LHP Sandy Benitez
|
|
Batting: LHB Zach Rose
|
0-0: Called Strike 0-1: Called Strike 0-2: Strikes out looking
|
|
Batting: RHB Yaremka Rzhevsky
|
0-0: Ball 1-0: Ball 2-0: Ball 3-0: Base on Balls
|
|
Batting: LHB Jon Pedlar
|
0-0: Ball 1-0: Foul Ball, location: 2F 1-1: Ball 2-1: Grounds into double play, 6-4-3 (Groundball, 6, EV 106.2 MPH)
|
| Top of the 3rd over - 0 runs, 0 hits, 0 errors, 0 left on base; Connecticut 0 - Minnesota (NYP) 0 |
| BOTTOM OF THE 3RD |
|
Minnesota (NYP) Twins batting - Pitching for Connecticut Tigers : LHP Jim Belcher
|
|
Batting: LHB Jose Hilario
|
0-0: Fly out, F8 (Flyball, 8LD, EV 101.2 MPH)
|
|
Batting: RHB Caleb Bockmann
|
0-0: SINGLE (Groundball, 6S, EV 68.1 MPH) (infield hit)
|
|
Batting: RHB David McClellan
|
0-0: Ball 1-0: Fielders Choice at 2nd, 4-6 (Groundball, 4M, EV 105.0 MPH)
|
|
Batting: RHB Nate Matson
|
0-0: Ball 1-0: Ball Wild Pitch! David McClellan to second 2-0: Ball 3-0: Base on Balls
|
|
Batting: RHB Alexandre Garcia
|
0-0: Fly out, F9 (Flyball, 9, EV 89.4 MPH)
|
| Bottom of the 3rd over - 0 runs, 1 hit, 0 errors, 2 left on base; Connecticut 0 - Minnesota (NYP) 0 |
| TOP OF THE 4TH |
|
Connecticut Tigers batting - Pitching for Minnesota (NYP) Twins : LHP Sandy Benitez
|
|
Batting: RHB Trevor Mock
|
0-0: Called Strike 0-1: Ball 1-1: Ground out 6-3 (Groundball, 6S, EV 91.9 MPH)
|
|
Batting: RHB Tony Nunez
|
0-0: Ball 1-0: Ground out 5-3 (Groundball, 5, EV 86.2 MPH)
|
|
Batting: RHB Willie Ochoa
|
0-0: Foul Ball, location: 2F 0-1: Ball 1-1: Ball 2-1: Called Strike 2-2: Fly out, F8 (Line Drive, 8RD, EV 108.1 MPH)
|
| Top of the 4th over - 0 runs, 0 hits, 0 errors, 0 left on base; Connecticut 0 - Minnesota (NYP) 0 |
| BOTTOM OF THE 4TH |
|
Minnesota (NYP) Twins batting - Pitching for Connecticut Tigers : LHP Jim Belcher
|
|
Batting: LHB Hector Olvera
|
0-0: DOUBLE (Line Drive, 3D, EV 98.1 MPH)
|
|
Batting: RHB Chris Bejarano
|
0-0: TRIPLE (Flyball, 8LXD, EV 107.5 MPH) Hector Olvera scores
|
|
Batting: LHB Ben Roth
|
0-0: Ball 1-0: Ball 2-0: Ball 3-0: Called Strike 3-1: Foul Ball, location: 2F 3-2: Base on Balls
|
|
Batting: RHB Fernando Bravo
|
0-0: Called Strike 0-1: Foul Ball, location: 2F 0-2: Ball 1-2: SINGLE (Groundball, 56D, EV 110.6 MPH) Chris Bejarano scores Ben Roth to second
|
|
Batting: LHB Jose Hilario
|
0-0: Ball Wild Pitch! Ben Roth to third Fernando Bravo to second 1-0: Foul Ball, location: 2F 1-1: Ground out 4-3 (Groundball, 4, EV 80.6 MPH)
|
|
Batting: RHB Caleb Bockmann
|
0-0: Ball 1-0: Called Strike 1-1: Ball 2-1: Ball 3-1: Ground out 4-3 (Groundball, 4, EV 83.8 MPH)
|
|
Batting: RHB David McClellan
|
0-0: Called Strike 0-1: Called Strike 0-2: SINGLE (Line Drive, 6D, EV 95.0 MPH) Ben Roth scores Fernando Bravo to third Runner from 3rd tries for Home, SAFE, throw by CF to home
|
|
Batting: RHB Nate Matson
|
0-0: Ball David McClellan is caught stealing 2nd base 2-4
|
| Bottom of the 4th over - 4 runs, 4 hits, 0 errors, 0 left on base; Connecticut 0 - Minnesota (NYP) 4 |
| TOP OF THE 5TH |
|
Connecticut Tigers batting - Pitching for Minnesota (NYP) Twins : LHP Sandy Benitez
|
|
Batting: LHB Ryan Adams
|
0-0: Foul Ball, location: 2F 0-1: Foul Ball, location: 2F 0-2: Ball 1-2: Ball 2-2: Foul Ball, location: 2F 2-2: Foul Ball, location: 2F 2-2: Ground out 6-3 (Groundball, 6, EV 86.2 MPH)
|
|
Batting: LHB Steve Herrera
|
0-0: Foul Ball, location: 2F 0-1: Foul Ball, location: 2F 0-2: Ball 1-2: Foul Ball, location: 2F 1-2: Ball 2-2: Strikes out swinging
|
|
Batting: LHB Isao Fukui
|
0-0: Foul Ball, location: 2F 0-1: Swinging Strike 0-2: Strikes out swinging
|
| Top of the 5th over - 0 runs, 0 hits, 0 errors, 0 left on base; Connecticut 0 - Minnesota (NYP) 4 |
| BOTTOM OF THE 5TH |
|
Minnesota (NYP) Twins batting - Pitching for Connecticut Tigers : LHP Jim Belcher
|
|
Batting: RHB Nate Matson
|
0-0: Foul Ball, location: 2F 0-1: Ball 1-1: Ball 2-1: Ball 3-1: Base on Balls
|
|
Batting: RHB Alexandre Garcia
|
0-0: Ball Wild Pitch! Nate Matson to second 1-0: Called Strike 1-1: Ball 2-1: SINGLE (Groundball, 4MS, EV 68.1 MPH) (infield hit) Nate Matson to third
|
|
Batting: LHB Hector Olvera
|
0-0: Ball 1-0: DOUBLE (Groundball, 3L, EV 101.9 MPH) Nate Matson scores Alexandre Garcia to third
|
|
Pitching: RHP Bert Hernandez
|
|
|
Batting: RHB Chris Bejarano
|
0-0: Called Strike 0-1: Foul Ball, location: 2F 0-2: Foul Ball, location: 2F 0-2: Ball 1-2: Ground out 6-3 (Groundball, 6, EV 108.8 MPH) Alexandre Garcia scores
|
|
Batting: LHB Ben Roth
|
0-0: Called Strike 0-1: Called Strike 0-2: Ball 1-2: Foul Ball, location: 2F 1-2: Strikes out swinging
|
|
Batting: RHB Fernando Bravo
|
0-0: Called Strike 0-1: Foul Ball, location: 2F 0-2: Hit by Pitch
|
|
Batting: LHB Jose Hilario
|
0-0: Called Strike 0-1: Swinging Strike 0-2: Strikes out swinging
|
| Bottom of the 5th over - 2 runs, 2 hits, 0 errors, 2 left on base; Connecticut 0 - Minnesota (NYP) 6 |
| TOP OF THE 6TH |
|
Connecticut Tigers batting - Pitching for Minnesota (NYP) Twins : LHP Sandy Benitez
|
|
Batting: LHB Zach Rose
|
0-0: Fly out, F7 (Line Drive, 7, EV 101.2 MPH)
|
|
Batting: RHB Yaremka Rzhevsky
|
0-0: Ball 1-0: Called Strike 1-1: Ground out 6-3 (Groundball, 6, EV 99.4 MPH)
|
|
Batting: LHB Jon Pedlar
|
0-0: Foul Ball, location: 2F 0-1: SINGLE (Line Drive, 4D, EV 96.2 MPH)
|
|
Batting: RHB Trevor Mock
|
0-0: Ball 1-0: Ball 2-0: Ball 3-0: Called Strike 3-1: Called Strike 3-2: Foul Ball, location: 2F 3-2: Foul Ball, location: 2F 3-2: Base on Balls Jon Pedlar to second
|
|
Batting: RHB Tony Nunez
|
0-0: Ball 1-0: Called Strike 1-1: Ball 2-1: Ball Wild Pitch! Jon Pedlar to third Trevor Mock to second 3-1: Called Strike 3-2: Base on Balls
|
|
Pitching: LHP Bryan Rouse
|
|
|
Batting: RHB Willie Ochoa
|
0-0: Ball 1-0: Foul Ball, location: 2F 1-1: Foul Ball, location: 2F 1-2: Strikes out swinging
|
| Top of the 6th over - 0 runs, 1 hit, 0 errors, 3 left on base; Connecticut 0 - Minnesota (NYP) 6 |
| BOTTOM OF THE 6TH |
|
Minnesota (NYP) Twins batting - Pitching for Connecticut Tigers : RHP Bert Hernandez
|
|
Batting: RHB Caleb Bockmann
|
0-0: Ball 1-0: Foul Ball, location: 2F 1-1: Ball 2-1: Foul Ball, location: 2F 2-2: Foul Ball, location: 2F 2-2: Fly out, F8 (Flyball, 89S, EV 89.4 MPH)
|
|
Batting: RHB David McClellan
|
0-0: Ball 1-0: Ground out 4-3 (Groundball, 4, EV 101.9 MPH)
|
|
Batting: RHB Nate Matson
|
0-0: Ball 1-0: Swinging Strike 1-1: Ball 2-1: Ball 3-1: Fly out, F8 (Flyball, 89M, EV 86.9 MPH)
|
| Bottom of the 6th over - 0 runs, 0 hits, 0 errors, 0 left on base; Connecticut 0 - Minnesota (NYP) 6 |
| TOP OF THE 7TH |
|
Connecticut Tigers batting - Pitching for Minnesota (NYP) Twins : LHP Bryan Rouse
|
|
Batting: LHB Ryan Adams
|
0-0: Called Strike 0-1: Ball 1-1: Ball 2-1: Ball 3-1: Swinging Strike 3-2: Foul Ball, location: 2F 3-2: Fly out, F8 (Flyball, 8LD, EV 101.2 MPH)
|
|
Pinch Hitting: RHB Michel Martineau
|
0-0: Ball 1-0: Foul Ball, location: 2F 1-1: Swinging Strike 1-2: Ball 2-2: Fly out, F4 (Popup, 13S, EV 90.6 MPH)
|
|
Pinch Hitting: RHB Brandon Everett
|
0-0: Called Strike 0-1: Ground out 5-3 (Groundball, 56S, EV 84.4 MPH)
|
| Top of the 7th over - 0 runs, 0 hits, 0 errors, 0 left on base; Connecticut 0 - Minnesota (NYP) 6 |
| BOTTOM OF THE 7TH |
|
Minnesota (NYP) Twins batting - Pitching for Connecticut Tigers : RHP Bert Hernandez
|
|
Pitching: RHP Sho Sekine
|
|
|
Now in LF: Billy Verdusco
|
|
|
Now in RF: Sam Saunders
|
|
|
Batting: RHB Alexandre Garcia
|
0-0: Foul Ball, location: 2F 0-1: Ball 1-1: Ball 2-1: Ball 3-1: Base on Balls
|
|
Batting: LHB Hector Olvera
|
0-0: Ball 1-0: 2-RUN HOME RUN (Flyball, 7D, EV 100.0 MPH), Distance : 377 ft
|
|
Batting: RHB Chris Bejarano
|
0-0: Ball 1-0: Ball 2-0: Ball 3-0: Base on Balls
|
|
Batting: LHB Ben Roth
|
0-0: SINGLE (Groundball, 23, EV 74.4 MPH) (infield hit) Chris Bejarano to second
|
|
Batting: RHB Fernando Bravo
|
0-0: Ball Passed Ball! Chris Bejarano to third Ben Roth to second 1-0: Ground out 5-3 (Groundball, 5, EV 105.0 MPH)
|
|
Batting: LHB Jose Hilario
|
0-0: Ball 1-0: Called Strike 1-1: Ground out 5-3 (Groundball, 56, EV 84.4 MPH) Chris Bejarano scores
|
|
Batting: RHB Caleb Bockmann
|
0-0: Called Strike 0-1: Ball 1-1: Ball 2-1: Swinging Strike 2-2: Foul Ball, location: 2F 2-2: Strikes out swinging
|
| Bottom of the 7th over - 3 runs, 2 hits, 0 errors, 1 left on base; Connecticut 0 - Minnesota (NYP) 9 |
| TOP OF THE 8TH |
|
Connecticut Tigers batting - Pitching for Minnesota (NYP) Twins : LHP Bryan Rouse
|
|
Batting: LHB Zach Rose
|
0-0: Called Strike 0-1: Ball 1-1: Ball 2-1: Called Strike 2-2: Ball 3-2: Base on Balls
|
|
Batting: RHB Yaremka Rzhevsky
|
0-0: Called Strike 0-1: Fly out, F4 (Popup, 34, EV 77.5 MPH)
|
|
Batting: LHB Jon Pedlar
|
0-0: Ball 1-0: SINGLE (Line Drive, 9LS, EV 108.1 MPH) Zach Rose to second
|
|
Batting: RHB Trevor Mock
|
0-0: Fly out, F7 (Flyball, 7, EV 93.8 MPH)
|
|
Pinch Hitting: SHB Eisse Wijnja
|
0-0: Ball 1-0: Ball 2-0: DOUBLE (Flyball, 78D, EV 101.2 MPH) Zach Rose scores Jon Pedlar to third
|
|
Batting: RHB Willie Ochoa
|
0-0: Called Strike 0-1: Ball 1-1: DOUBLE (Line Drive, 5D, EV 98.8 MPH) Jon Pedlar scores Eisse Wijnja scores
|
|
Pitching: RHP Karel Braaksma
|
|
|
Batting: LHB Ryan Adams
|
0-0: Ball 1-0: Ball 2-0: Ground out U3 (Groundball, 3L, EV 86.2 MPH)
|
| Top of the 8th over - 3 runs, 3 hits, 0 errors, 1 left on base; Connecticut 3 - Minnesota (NYP) 9 |
| BOTTOM OF THE 8TH |
|
Minnesota (NYP) Twins batting - Pitching for Connecticut Tigers : RHP Sho Sekine
|
|
Now at 1B: Eisse Wijnja
|
|
|
Batting: RHB David McClellan
|
0-0: Ground out 6-3 (Groundball, 6M, EV 104.4 MPH)
|
|
Batting: RHB Nate Matson
|
0-0: Ball 1-0: Called Strike 1-1: Swinging Strike 1-2: Ball 2-2: Strikes out looking
|
|
Batting: RHB Alexandre Garcia
|
0-0: Ball 1-0: Ball 2-0: Foul Ball, location: 2F 2-1: Foul Ball, location: 2F 2-2: Strikes out swinging
|
| Bottom of the 8th over - 0 runs, 0 hits, 0 errors, 0 left on base; Connecticut 3 - Minnesota (NYP) 9 |
| TOP OF THE 9TH |
|
Connecticut Tigers batting - Pitching for Minnesota (NYP) Twins : RHP Karel Braaksma
|
|
Batting: RHB Sam Saunders
|
0-0: Foul Ball, location: 2F 0-1: Ball 1-1: Fly out, F8 (Line Drive, 8LM, EV 86.2 MPH)
|
|
Batting: RHB Billy Verdusco
|
0-0: Ball 1-0: Foul Ball, location: 2F 1-1: Ball 2-1: Swinging Strike 2-2: Foul Ball, location: 2F 2-2: Strikes out swinging
|
|
Batting: LHB Zach Rose
|
0-0: Ball 1-0: Called Strike 1-1: Ball 2-1: Swinging Strike 2-2: Ball 3-2: Base on Balls
|
|
Batting: RHB Yaremka Rzhevsky
|
0-0: Ball 1-0: Called Strike 1-1: Swinging Strike 1-2: Ball 2-2: Fielders Choice at 2nd, 6-4 (Groundball, 6, EV 94.4 MPH)
|
| Top of the 9th over - 0 runs, 0 hits, 0 errors, 1 left on base; Connecticut 3 - Minnesota (NYP) 9 |
|